Map: Catalyst LE

Players

Rye

  • Race: Zerg Zerg
  • League: Diamond
  • Spawn Location: 11:00

Rendezvous - Winner!

  • Race: Terran Terran
  • League: Diamond
  • Spawn Location: 5:00

VOD

Have the link to the VOD?

Description

ZvT Planetary Natural

Time

  • Played on: June 11, 2018, 4:25 a.m.
  • Length: 19:52
Show
View Real Time Build Order
Export as new Build Order

Rye Zerg 

Build Orders: Hatch First, Muta Ling Bane 

Get SALT Encoding   

  12  0:05  Drone  
  13  0:15  Overlord  
  13  0:22  Drone  
  14  0:35  Drone x2  
  16  0:42  Drone  
  17  0:55  Hatchery  
  16  1:01  Drone  
  17  1:05  Drone  
  17  1:07  Extractor  
  17  1:19  Spawning Pool  
  17  1:22  Drone  
  17  1:24  Drone  
  18  1:37  Drone  
  19  1:57  Overlord  
  19  2:03  Drone  
  19  2:06  Queen  
  19  2:07  Queen  
  25  2:08  Zergling x4  
  26  2:16  Metabolic Boost  
  26  2:17  Zergling x2  
  27  2:30  Drone x2  
  27  2:31  Drone  
  30  2:48  Drone  
  30  2:49  Drone x2  
  33  2:57  Drone  
  34  2:58  Overlord  
  34  3:04  Hatchery  
  33  3:13  Drone x3  
  36  3:24  Drone x6  
  42  3:38  Zergling x4  
  42  3:40  Overlord  
  42  3:41  Overlord  
  43  4:03  Zergling x10, Hatchery  
  47  4:15  Drone x4, Queen  
  53  4:22  Drone x2  
  55  4:27  Lair  
  55  4:29  Extractor  
  55  4:30  Drone x4  
  55  4:31  Extractor  
  57  4:32  Extractor  
  49  4:48  Drone x3  
  49  4:49  Drone x3  
  49  4:51  Drone x3  
  56  5:02  Drone x2  
  56  5:03  Drone  
  59  5:30  Spire  
  59  5:32  Drone x6  
  59  5:34  Overlord x5  
  64  5:42  Drone, Extractor  
  64  5:43  Extractor  
  64  5:44  Overlord x2  
  63  5:54  Overlord  
  63  5:55  Overlord  
  63  5:56  Overlord  
  63  5:58  Overlord  
  63  6:02  Drone  
  63  6:03  Drone x3  
  63  6:04  Drone x2  
  69  6:06  Drone x5  
  69  6:07  Overlord x4  
  69  6:10  Queen  
  76  6:19  Spire  
  75  6:27  Drone x2  
  75  6:28  Drone  
  75  6:31  Spore Crawler, Overlord  
  77  6:32  Spore Crawler  
  77  6:34  Pneumatized Carapace  
  76  6:42  Mutalisk  
  76  6:43  Mutalisk x7  
  92  6:50  Mutalisk  
  94  6:59  Extractor  
  93  7:01  Overlord  
  93  7:02  Overlord  
  93  7:08  Mutalisk x3  
  99  7:18  Overlord  
  99  7:21  Zerg Flyer Weapons Level 1  
  99  7:27  Mutalisk, Infestation Pit  
  94  8:01  Mutalisk  
  94  8:02  Mutalisk x5  
  96  8:09  Zergling x4  
  96  8:10  Zergling x34  
  115  8:16  Zerg Flyer Armor Level 1  
  115  8:22  Baneling Nest  
  115  8:24  Evolution Chamber, Zergling x8  
  115  8:25  Evolution Chamber  
  116  8:31  Zergling x4  
  118  8:42  Drone x4  
  118  8:45  Drone x2, Extractor  
  93  9:03  Zergling x2  
  93  9:04  Zergling x20  
  103  9:10  Hive  
  103  9:12  Zerg Melee Weapons Level 1, Zerg Ground Armor Level 1  
  103  9:15  Baneling x5  
  103  9:16  Baneling x3  
  103  9:20  Zergling x6  
  103  9:21  Zergling x26  
  119  9:26  Zerg Flyer Weapons Level 2  
  119  9:32  Centrifical Hooks  
  119  9:47  Baneling x9  
  119  9:48  Baneling x17  
  119  9:49  Baneling, Hatchery  
  118  9:53  Drone  
  118  9:54  Drone x2  
  118  9:55  Drone  
  118  9:56  Hatchery  
  102  10:17  Mutalisk x5  
  107  10:29  Zergling x18  
  107  10:30  Zergling x28  
  130  10:39  Greater Spire  
  120  10:56  Mutalisk  
  120  10:57  Mutalisk x6  
  126  11:22  Corruptor x2  
  126  11:23  Corruptor x3  
  136  11:34  Baneling  
  136  11:35  Baneling x10  
  136  11:36  Zergling x2  
  136  11:37  Zergling x32  
  136  11:38  Zergling x14  
  160  11:46  Lair  
  155  11:47  Drone x2  
  155  11:48  Drone x3  
  155  11:51  Drone x4  
  161  12:00  Baneling  
  158  12:02  Baneling x2  
  158  12:03  Baneling x11  
  158  12:04  Zergling x2  
  158  12:05  Zergling x6  
  157  12:22  Brood Lord, Hatchery  
  130  12:32  Brood Lord  
  132  12:40  Brood Lord  
  134  12:51  Brood Lord  
  131  12:58  Baneling x2  
  131  12:59  Baneling x3  
  129  13:11  Hatchery  
  128  13:27  Brood Lord, Hatchery  
  128  13:29  Zergling x14  
  128  13:30  Zergling x10  
  136  13:44  Zergling x6, Hatchery  
  136  13:46  Hatchery  
  127  14:06  Zergling x8  
  123  14:17  Zergling x2  
  123  14:24  Zergling x2  
  123  14:25  Corruptor  
  126  14:36  Zergling x4  
  126  14:50  Hatchery  
  118  15:03  Hatchery  
  118  15:06  Drone  
  93  15:39  Zergling x10  
  93  15:40  Zergling x2  
  58  16:11  Mutalisk x5  
  56  16:21  Mutalisk x3  
  61  16:27  Zergling x4  
  61  16:28  Zergling x6  
  66  16:55  Zergling x22  
  69  17:18  Zergling x22  
  52  17:46  Zergling x6  
  52  17:47  Zergling x10  
  53  17:55  Zergling x4  
  55  17:59  Drone x4  
  59  18:07  Zergling x2  
  60  18:14  Hatchery  
  60  18:18  Hatchery  
  57  18:28  Zergling x2  
  57  18:29  Zergling x16  
  64  18:47  Zergling x2  
  64  18:48  Zergling x10  
  60  18:55  Drone  
  51  19:04  Zergling x2  
  51  19:05  Zergling x8  
  55  19:19  Zergling x10  
  57  19:28  Hatchery  
  57  19:29  Zergling x8  
Show
View Real Time Build Order
Export as new Build Order

Rendezvous Terran - Winner!

Build Orders: Command Center First (CC) 

Get SALT Encoding   

  12  0:21  SCV  
  13  0:31  Supply Depot  
  13  0:33  SCV  
  14  0:45  SCV  
  15  1:01  SCV  
  15  1:03  Command Center  
  16  1:09  Refinery  
  16  1:14  Refinery  
  16  1:18  SCV  
  17  1:32  Barracks  
  17  1:35  SCV  
  18  1:47  SCV  
  19  1:55  Engineering Bay  
  19  1:59  SCV  
  20  2:11  SCV  
  21  2:20  Planetary Fortress  
  21  2:23  Marine  
  21  2:26  SCV  
  23  2:36  Factory  
  23  2:41  SCV  
  24  2:52  Marine  
  24  2:56  Orbital Command  
  24  2:58  SCV  
  26  3:11  SCV  
  27  3:17  Bunker  
  27  3:22  Starport  
  27  3:23  Factory Tech Lab  
  27  3:24  SCV x2  
  29  3:33  Starport  
  29  3:38  SCV x2  
  31  3:53  Factory Tech Lab  
  31  3:54  Supply Depot  
  31  3:57  SCV x2  
  31  4:02  Starport  
  33  4:10  Starport Tech Lab  
  33  4:12  SCV x2  
  33  4:16  Viking  
  37  4:20  Refinery  
  37  4:27  SCV  
  37  4:28  SCV  
  39  4:37  Raven  
  41  4:52  SCV x2  
  43  5:09  Raven  
  43  5:13  Missile Turret, SCV  
  46  5:17  Supply Depot  
  46  5:20  Supply Depot  
  46  5:22  Command Center  
  46  5:27  Supply Depot, Refinery  
  46  5:32  Building Armor  
  46  5:39  Missile Turret, SCV x2  
  46  5:42  Missile Turret  
  48  5:43  Barracks  
  48  5:47  Barracks  
  48  5:48  Barracks  
  48  5:53  SCV x2  
  48  5:54  Raven  
  52  6:03  Barracks  
  52  6:08  SCV  
  52  6:09  SCV  
  54  6:12  Missile Turret  
  54  6:23  Raven  
  54  6:25  SCV x2  
  58  6:39  Missile Turret  
  58  6:47  SCV x2  
  60  7:00  Raven x2  
  65  7:01  Marine x3, SCV x2  
  65  7:02  Marine x2  
  69  7:15  Hi-Sec Auto Tracking  
  69  7:16  Command Center  
  69  7:18  Missile Turret, Planetary Fortress  
  69  7:22  Missile Turret, Refinery x2  
  69  7:24  Missile Turret  
  69  7:32  Marine  
  69  7:33  Marine x4  
  69  7:34  Raven  
  76  7:39  Supply Depot, SCV x2  
  76  7:41  Supply Depot  
  77  7:46  Missile Turret  
  63  8:05  Missile Turret  
  61  8:10  Marine x5  
  61  8:12  Raven x2  
  68  8:13  SCV x2  
  68  8:14  SCV  
  68  8:17  Missile Turret  
  73  8:27  Marine  
  73  8:30  Missile Turret  
  73  8:32  Marine x3  
  73  8:33  Marine  
  78  8:34  Raven  
  78  8:40  SCV x3  
  83  8:42  Missile Turret  
  83  8:45  Marine  
  84  8:52  SCV  
  83  9:08  Missile Turret  
  83  9:11  Marine x5  
  88  9:17  Raven x3  
  88  9:18  SCV  
  88  9:19  SCV x2  
  97  9:29  Marine x2  
  97  9:30  Missile Turret  
  99  9:33  Marine x3  
  102  9:39  SCV x2  
  102  9:40  SCV  
  105  9:47  Marine  
  105  9:51  SCV x2, Marine x2  
  105  9:52  Marine  
  111  9:53  SCV  
  112  10:00  Raven  
  112  10:03  Planetary Fortress, SCV  
  115  10:10  Refinery  
  115  10:11  Refinery, Raven  
  105  10:16  Marine x2  
  105  10:17  Marine  
  101  10:31  Missile Turret  
  101  10:33  Missile Turret  
  101  10:34  Missile Turret  
  101  10:49  SCV x2  
  101  10:59  Missile Turret  
  101  11:08  Marine  
  101  11:21  Marine x2  
  101  11:22  Raven  
  101  11:23  Raven  
  101  11:24  Raven  
  96  12:05  Raven  
  96  12:06  Raven  
  96  12:07  Marine  
  101  12:17  Missile Turret  
  101  12:18  Marine  
  101  12:19  Marine  
  101  12:20  SCV  
  101  12:23  SCV  
  96  12:38  Command Center  
  96  12:50  Supply Depot  
  96  12:51  Supply Depot  
  96  13:13  Raven, Viking, Marine x2  
  101  13:27  Raven  
  99  13:43  Viking  
  96  13:56  Viking  
  98  14:11  Viking  
  98  14:13  Viking  
  102  14:26  Viking  
  104  14:41  Raven  
  104  14:43  Raven  
  100  16:00  Raven  
  102  16:31  Missile Turret x2  
  102  16:32  Missile Turret  
  102  17:03  Planetary Fortress  
  102  17:07  Raven  
  101  17:08  Raven  
  71  17:51  SCV  
  72  17:53  SCV  
  73  18:03  SCV  
  73  18:05  SCV  
  75  18:16  Missile Turret  
  75  18:19  Missile Turret, SCV x2  
  73  19:06  Raven  
Tags
 
Add a new tag
Caveats
  • Supply blocks, unpowered buildings, or Contaminate may cause inaccurate times.
  • Supply counts are checked every 10 seconds.